 Dungeon Crawl Stone Soup version 0.20-a0-941-gba1b1f9 (webtiles) character file.

261 polly the Shield-Bearer (level 6, -2/38 HPs)
             Began as a Gargoyle Fighter on Apr 1, 2017.
             Slain by Chikkuri's ghost (4 damage)
             ... on level 4 of the Dungeon.
             The game lasted 00:02:46 (2355 turns).

polly the Shield-Bearer (Gargoyle Fighter)          Turns: 2355, Time: 00:02:47

Health: -2/38      AC: 11    Str: 25    XL:     6   Next: 18%
Magic:  6/6        EV:  8    Int:  9    God:
Gold:   98         SH: 10    Dex: 12    Spells: 5/5 levels left

rFire    . . .     SeeInvis .   a - +0 flail
rCold    . . .     Gourm    .   c - +0 shield
rNeg     + . .     Faith    .   q - +0 scale mail
rPois    ∞         Spirit   .   (no helmet)
rElec    +         Reflect  .   (no cloak)
rCorr    .         Harm     .   (no gloves)
MR       .....                  (no boots)
Stlth    ..........             (no amulet)
Regen    0.2/turn               i - +2 ring of dexterity
MPRegen  0.1/turn               (no ring)

@: mighty, flying
A: negative energy resistance 1, electricity resistance, unbreathing,
petrification resistance, rot immunity, AC +4
a: no special abilities


You were on level 4 of the Dungeon.
You were hungry.

You visited 1 branch of the dungeon, and saw 4 of its levels.

You collected 98 gold pieces.

Inventory:

Hand Weapons
 a - a +0 flail (weapon)
Armour
 c - a +0 shield (worn)
 q - a +0 scale mail (worn)
Jewellery
 i - a +2 ring of dexterity (left hand)
Scrolls
 b - a scroll of amnesia {unknown}
 e - 2 scrolls of remove curse {unknown}
 n - a scroll of enchant armour {unknown}
 o - a scroll of noise {unknown}
 p - 2 scrolls of identify {unknown}
Potions
 g - a potion of curing
 k - 2 potions of flight
 l - a potion of agility {unknown}
 m - a potion of cancellation {unknown}
Comestibles
 f - 4 bread rations
 h - a royal jelly
 j - a meat ration


   Skills:
 + Level 3.9 Fighting
 + Level 4.4 Maces & Flails
 + Level 3.8 Armour
 + Level 1.3 Dodging
 + Level 4.5 Shields


You had 5 spell levels left.
You didn't know any spells.

Dungeon Overview and Level Annotations

Branches:
Dungeon (4/15)
 Temple: D:4-7

Altars:
Gozag

Annotations:
D:4 Chikkuri's ghost, novice FoHu


Innate Abilities, Weirdness & Mutations

You are resistant to torment.
Your stone body is resilient. (AC +4)
You are immune to poison.
You resist negative energy. (rN+)
You are resistant to electric shocks. (rElec)
You can survive without breathing.
You are immune to petrification.
You are immune to rotting.


Message History

You feel better.
You are feeling hungry.
Chikkuri's ghost hits you but does no damage.
You block the gnoll's attack.
You closely miss Chikkuri's ghost.
Chikkuri's ghost is severely damaged.
You block Chikkuri's ghost's attack. The gnoll barely misses you.
You sock Chikkuri's ghost!
Chikkuri's ghost is almost destroyed.
You block Chikkuri's ghost's attack. The gnoll hits you with a flail.
* * * LOW HITPOINT WARNING * * *
Your shield prevents you from hitting Chikkuri's ghost.
Chikkuri's ghost is almost destroyed.
You block Chikkuri's ghost's attack. The gnoll hits you with a flail!
* * * LOW HITPOINT WARNING * * *
Chikkuri's ghost closely misses you.
You miss Chikkuri's ghost.
Chikkuri's ghost is almost destroyed.
The gnoll closely misses you. Chikkuri's ghost hits you.
You die...

## #.. .%. ... #.##
.... . ...## ..#.. .
#..# #..... .
#.#####.....# .
#######....g......# ##.
..###.........@Ww......
#..
#............###)......
##.# ##..##........#
##..... #.<#
##...##........# ....
#.## #....##........#
... #..%W#
.....##........# ..
#.#..# ..)............#
. # #..#
..<.##.........# ....
........######## #...#


You could see Chikkuri's ghost, a gnoll and a dart slug.

Vanquished Creatures
  A howler monkey (D:4)
  An orc wizard (D:3)
  2 gnolls (D:4)
  10 adders
  2 oozes
  2 worms
  A dart slug (D:1)
  3 leopard geckos
  4 orcs (D:3)
  A ball python (D:3)
  4 bats
  5 giant cockroaches
  7 goblins
  7 hobgoblins
  A quokka (D:3)
  2 frilled lizards
  8 kobolds
  13 rats
74 creatures vanquished.

Notes
Turn   | Place    | Note
-------+----------+-------------------------------------------
     0 | D:1      | polly the Gargoyle Fighter began the quest for the Orb.
     0 | D:1      | Reached XP level 1. HP: 14/14 MP: 1/1
    83 | D:1      | Reached XP level 2. HP: 19/19 MP: 2/2
   413 | D:1      | Reached XP level 3. HP: 22/23 MP: 3/3
   586 | D:2      | Found a faded altar of an unknown god.
   680 | D:2      | Reached XP level 4. HP: 27/28 MP: 4/4
  1090 | D:2      | Found an opulent altar of Gozag.
  1528 | D:3      | Reached XP level 5. HP: 33/33 MP: 5/5
  1770 | D:3      | Reached skill level 1 in Dodging
  2075 | D:4      | Noticed Chikkuri's ghost (novice FoHu)
  2291 | D:4      | Reached XP level 6. HP: 38/38 MP: 6/6
  2355 | D:4      | Slain by Chikkuri's ghost

Vault maps used:
D:1:      onia_arrival_pyramid, st_stairs_2
D:2:      chequers_ecumenical_altar_simple_redux, grunt_gozag_breadcrumbs
D:3:      first_bread
D:4:      nemelex_xobeh_ov_fountains_minmay, grunt_dithmenos_smoke

Skill      XL: |  1  2  3  4  5 |
---------------+----------------+-----
Shields        | 4 |  4.5
Maces & Flails | 3 4 |  4.4
Dodging        | 1 |  1.3
Fighting       | |  3.9
Armour         | |  3.8

Action                   |  1- 3 |  4- 6 || total
-------------------------+-------+-------++-------
Melee: Flail             |   140 |   204 ||   344
  Use: Potion            |       |     4 ||     4
  Eat: Chunk             |       |     5 ||     5
Armor: Scale mail        |   103 |   104 ||   207
Dodge: Dodged            |    48 |    73 ||   121
Block: Shield            |    98 |   101 ||   199
